 Dungeon Crawl Stone Soup version 0.27-a0-1122-g2a214b436d (webtiles) character file.

Game seed: 13449059769822644271

1430 DarkShadow the Slasher (level 8, -2/70 HPs)
             Began as a Minotaur Fighter on May 3, 2021.
             Succumbed to an orc warrior's poison
             ... on level 6 of the Dungeon.
             The game lasted 00:11:36 (5155 turns).

DarkShadow the Slasher (Minotaur Fighter)           Turns: 5155, Time: 00:11:37

Health: -2/70      AC: 15    Str: 24    XL:     8   Next: 44%
Magic:  7/7        EV:  6    Int:  5    God:
Gold:   273        SH: 11    Dex:  9    Spells: 7/7 levels left

rFire    . . .     SeeInvis .   a - +1 long sword
rCold    . . .     Faith    .   c - +0 kite shield
rNeg     . . .     Spirit   .   i - +0 chain mail
rPois    .         Reflect  .   (helmet restricted)
rElec    .         Harm     .   o - +0 cloak
rCorr    .         Rampage  .   l - +1 pair of gloves
Will     .....                  h - +0 pair of boots
Stlth    ..........             (no amulet)
HPRegen  0.21/turn              (no ring)
MPRegen  0.10/turn              (no ring)

@: lethally poisoned (-2 -> -17)
A: horns 2, retaliatory headbutt
a: no special abilities


You were on level 6 of the Dungeon.
You visited 1 branch of the dungeon, and saw 6 of its levels.

You collected 273 gold pieces.

Inventory:

Hand Weapons
 a - a +1 long sword (weapon)
Armour
 b - a +0 scale mail
 c - a +0 kite shield (worn)
 h - a +0 pair of boots (worn)
 i - a +0 chain mail (worn)
 l - a +1 pair of gloves (worn)
 o - a +0 cloak (worn)
Wands
 m - a wand of iceblast (8)
Scrolls
 d - a scroll of brand weapon {unknown}
 j - 2 scrolls of amnesia
 p - a scroll of fog
 q - a scroll of identify
Potions
 e - 2 potions of brilliance
 f - a potion of flight {unknown}
 g - 3 potions of curing
 k - a potion of haste {unknown}
 n - a potion of resistance {unknown}
 r - a potion of attraction {unknown}


   Skills:
 + Level 5.7 Fighting
 + Level 7.9 Long Blades
 + Level 7.5 Armour
 + Level 7.1 Shields


You had 7 spell levels left.
You didn't know any spells.
Your spell library contained the following spells:

 Spells                   Type           Power      Damage    Failure   Level
 Animate Skeleton         Necr           0%         N/A       100%        1
 Apportation              Tloc           0%         N/A       100%        1
 Corona                   Hex            0%         N/A       100%        1
 Summon Small Mammal      Summ           0%         N/A       100%        1
 Ensorcelled Hibernation  Hex/Ice        0%         N/A       100%        2
 Confusing Touch          Hex            0%         N/A       100%        3
 Dazzling Flash           Conj/Hex       0%         N/A       100%        3
 Tukima's Dance           Hex            0%         N/A       100%        3


Dungeon Overview and Level Annotations

Branches:
Dungeon (6/15)
 Temple: D:4-7

Altars:
Nemelex Xobeh
Okawaru
Vehumet
Xom
The Shining One

Shops:
D:3 (


Innate Abilities, Weirdness & Mutations

You have a pair of horns on your head.
You reflexively headbutt those who attack you in melee.


Message History

You block the orc wizard's attack.
You completely miss the orc warrior.
The orc warrior is heavily wounded.
You feel extremely sick.
The orc warrior hits you with a +2 flail of venom.
You are more poisoned.
You block the orc wizard's attack.
You closely miss the orc warrior.
The orc warrior is heavily wounded.
You feel extremely sick.
The orc warrior hits you with a +2 flail of venom.
The orc wizard hits you but does no damage.
A gnoll comes into view. It is wielding a +0 club.
You are too injured to fight recklessly!
You are too injured to fight recklessly!
You slash the orc wizard! You headbutt the orc wizard.
You kill the orc wizard!
You feel very sick.
The orc warrior hits you with a +2 flail of venom.
* * * LOW HITPOINT WARNING * * *
You are lethally poisoned!
You block the orc's attack. The orc warrior barely misses you.
You furiously retaliate!
You headbutt the orc warrior, but do no damage.
You hit the orc warrior.
The orc warrior is severely wounded.
* * * LOW HITPOINT WARNING * * *
You feel extremely sick. The orc barely misses you.
You block the orc warrior's attack.
You hit the orc warrior.
You kill the orc warrior!
* * * LOW HITPOINT WARNING * * *
You feel very sick. The orc hits you but does no damage.
* * * LOW HITPOINT WARNING * * *
You feel very sick. The gnoll hits you but does no damage.
Things that are here:
a +2 flail of venom; a +0 chain mail You die...

##....#...#...#...#.. .#
.#...#...#...#...#. .#.
..#...#...#...#.. #
.#..#...#...#...#...#..
.#.#..#...#...#...#...#.
...# #..#...#...#...#...
#######...#.†.#...#.....
##......#...#..o#....#
....#[#.#....)#)@.#
....#.#.....##g##.#
....##########.# ...
......#......#........
....#.#.................
......+.................
....#.#.................
.)....#.......(. .......
....###........#


You could see a gnoll and an orc.

Vanquished Creatures
  The ghost of d3xhu the Slasher, an amateur OpBe of Trog (D:3)
  2 black bears
  A sky beast (D:5)
  An orc warrior (D:6)
  A necrophage (D:5)
  A phantom (D:5)
  A bullfrog (D:6)
  2 scorpions (D:5)
  2 orc priests (D:5)
  3 hounds
  A bullfrog skeleton (D:2)
  3 iguanas
  3 orc wizards
  2 hound skeletons
  Robin (D:3)
  6 gnolls
  6 adders
  3 adder skeletons (D:4)
  A worm (D:4)
  5 dart slugs
  8 orcs
  6 ball pythons
  6 endoplasms
  3 giant cockroaches (D:2)
  13 goblins
  11 hobgoblins
  4 jackals (D:5)
  4 quokkas
  2 bats
  2 frilled lizards
  8 kobolds
  9 rats
122 creatures vanquished.

Notes
Turn   | Place    | Note
-------+----------+-------------------------------------------
     0 | D:1      | DarkShadow the Minotaur Fighter began the quest for the
                  | Orb.
     0 | D:1      | Reached XP level 1. HP: 19/19 MP: 0/0
   103 | D:1      | Found a faded altar of an unknown god.
   238 | D:1      | Reached XP level 2. HP: 22/27 MP: 1/1
   925 | D:2      | Reached XP level 3. HP: 27/33 MP: 2/2
  1068 | D:2      | Reached XP level 4. HP: 34/40 MP: 3/3
  1134 | D:2      | Noticed Robin
  1433 | D:3      | Killed Robin
  1578 | D:2      | Found a radiant altar of Vehumet.
  1904 | D:3      | Found an iron altar of Okawaru.
  1919 | D:3      | Reached XP level 5. HP: 44/47 MP: 4/4
  2043 | D:3      | Found a large runed translucent door.
  2043 | D:3      | Found a large runed translucent door.
  2047 | D:3      | Noticed d3xhu's ghost (amateur OpBe)
  2096 | D:3      | Found Suem's Weapon Boutique.
  2441 | D:3      | Killed d3xhu's ghost
  2442 | D:3      | Reached skill level 5 in Armour
  2442 | D:3      | Reached skill level 5 in Shields
  2442 | D:3      | Reached XP level 6. HP: 53/53 MP: 5/5
  2795 | D:4      | Found a shimmering altar of Xom.
  2795 | D:4      | Found a sparkling altar of Nemelex Xobeh.
  2865 | D:4      | Reached skill level 5 in Long Blades
  3370 | D:4      | Reached XP level 7. HP: 60/60 MP: 6/6
  3433 | D:5      | Entered Level 5 of the Dungeon
  3453 | D:5      | Reached skill level 5 in Fighting
  4390 | D:5      | Found a glowing golden altar of the Shining One.
  4438 | D:5      | Reached XP level 8. HP: 67/68 MP: 7/7
  5154 | D:6      | HP: 1/70 [poisoned by an orc warrior]
  5155 | D:6      | Succumbed to an orc warrior's poison

Illustrated notes

Levels and vault maps discovered:
D:1:      elethiomel_arrival_quiet, layout_loops_ring,
          ebering_ecumenical_altar_webs, roderic_lattice_a
D:2:      layout_basic, basic_altar, uniq_robin
D:3:      layout_rooms, okawaru_metal_pillars_3, ebering_ghost_disaster_area,
          serial_shops, nicolae_shop_waterfront
D:4:      layout_gridville, gammafunk_temple_overflow_elements, minmay_mini_jars
D:5:      layout_basic, nicolae_tso_carved_into_rock
D:6:      layout_basic, gup_sewer_entry_bubbles, hex_large

Skill      XL: |  1  2  3  4  5  6  7  8 |
---------------+-------------------------+-----
Fighting       | 4 5 |  5.7
Armour         | 4 5 6 7 |  7.5
Shields        | 4 5 6 7 |  7.1
Long Blades    | 3 4 5 7 |  7.9

Action                   |  1- 3 |  4- 6 |  7- 9 || total
-------------------------+-------+-------+-------++-------
Melee: Long sword        |    63 |   166 |   111 ||   340
       Headbutt          |    11 |    27 |    18 ||    56
  Use: Scroll            |       |     7 |     1 ||     8
       Potion            |       |     2 |       ||     2
Armor: Scale mail        |    26 |   120 |    13 ||   159
       Chain mail        |       |       |    41 ||    41
Dodge: Dodged            |    15 |    78 |    35 ||   128
Block: Kite shield       |    26 |   157 |    51 ||   234
       Rpst.: Long sword |     2 |    20 |    12 ||    34

Table legend: (Time is in decaauts)
 A = Elapsed time spent in this place.
 B = Non-inter-level travel time spent in this place.
 C = Inter-level travel time spent in this place.
 D = Time resting spent in this place.
 E = Time spent auto-exploring this place.
 F = Levels seen in this place.
 G = Mean time per level.
                   A        B        C        D        E       F      G
               +--------+--------+--------+--------+--------+-----+--------+
         Total |   5279 |   5211 |     68 |    821 |   3235 |   6 |  879.8 |
       Dungeon |   5279 |   5211 |     68 |    821 |   3235 |   6 |  879.8 |
               +--------+--------+--------+--------+--------+-----+--------+

Top non-repeatable levels by time:
     D:5: 1568 daAuts
     D:4: 962 daAuts
     D:1: 881 daAuts
     D:3: 881 daAuts
     D:2: 807 daAuts
     D:6: 178 daAuts
